 Seeded DCSS version 0.29-a0-375-g5102b3be25 (webtiles) character file.

Game seed: 13605594255664981076 (custom seed)

482 thiscave3701365 the Cleaver (level 6, -12/79 HPs)
             Began as a Minotaur Berserker on May 3, 2022.
             Was a Believer of Trog.
             Mangled by an ogre
             ... wielding a +0 giant club
              (26 damage)
             ... on level 5 of the Dungeon.
             The game lasted 00:03:25 (4983 turns).

thiscave3701365 the Cleaver (Minotaur Berserker)    Turns: 4983, Time: 00:03:26

Health: -12/79     AC: 10    Str: 23    XL:     6   Next: 87%
Magic:  5/5        EV:  8    Int:  4    God:    Trog [**....]
Gold:   203        SH:  0    Dex: 10    Spells: 5/5 levels left

rFire   . . .      SeeInvis .   a - +0 hand axe
rCold   . . .      Faith    .   (no shield)
rNeg    . . .      Spirit   .   p - +1 chain mail {rPois}
rPois   +          Reflect  .   (helmet restricted)
rElec   .          Harm     .   (no cloak)
rCorr   .          Rampage  .   (no gloves)
Will    .....                   (no boots)
Stlth   ..........              (no amulet)
HPRegen 0.23/turn               (no ring)
MPRegen 0.09/turn               (no ring)

@: berserking, very quick
A: horns 2, retaliatory headbutt
a: Renounce Religion, Berserk, Trog's Hand


You were on level 5 of the Dungeon.
You worshipped Trog.
Trog was pleased with you.
You visited 1 branch of the dungeon, and saw 5 of its levels.

You collected 203 gold pieces.

Inventory:

Hand Weapons
 a - a +0 hand axe (weapon)
Armour
 p - a +1 chain mail of poison resistance (worn)
Jewellery
 q - a ring of protection from cold
Wands
 s - a wand of charming (10)
 t - a wand of digging (3)
Scrolls
 b - a scroll of torment {unknown}
 d - a scroll of immolation {unknown}
 e - 6 scrolls of identify {unknown}
 g - a scroll of blinking {unknown}
 h - 2 scrolls of fog {unknown}
 i - a scroll of teleportation {unknown}
 j - 2 scrolls of vulnerability {unknown}
 l - 2 scrolls of poison {unknown}
Potions
 c - a potion of brilliance {unknown}
 f - 2 potions of haste {unknown}
 k - a potion of flight {unknown}
 m - a potion of might {unknown}
 n - a potion of ambrosia {unknown}
 o - a potion of magic {unknown}
 r - a potion of heal wounds {unknown}
 u - a potion of mutation {unknown}


   Skills:
 - Level 4.3 Fighting
 + Level 8.7 Axes
 - Level 3.5 Armour
 - Level 2.3 Dodging


You had 5 spell levels left.
You didn't know any spells.
Your spell library was empty.

Dungeon Overview and Level Annotations

Branches:
Dungeon (5/15)             Temple (0/1) D:4

Altars:
Cheibriados
Gozag
Makhleb
Nemelex Xobeh
Okawaru
Uskayaw


Innate Abilities, Weirdness & Mutations

You have a pair of horns on your head.
You reflexively headbutt those who attack you in melee.


Message History

Unknown command.
No target in view!
Key pressed, stopping explore.
No target in view!
Unknown command.
HP restored.
You see here an adder corpse.
A phantom comes into view.
The phantom moves out of view.
No target in view!
An ogre and an orc wizard come into view.
The ogre shouts!
The orc wizard shouts!
You hear a shout!
An orc comes into view. It is wielding a +0 hand axe.
The orc wizard points at you and mumbles some strange words.
The magic dart hits you. The ogre hits you with a +0 giant club!
Unknown command.
There are monsters nearby!
You closely miss the ogre. You headbutt the ogre!
The ogre is moderately wounded.
The orc wizard mumbles some strange words.
The orc wizard flickers and vanishes!
Deactivating autopickup; reactivate with Ctrl-A.
There are monsters nearby!
You hit the ogre.
The ogre is moderately wounded.
The ogre hits you with a +0 giant club!!
Ouch! That really hurt!
* * * LOW HITPOINT WARNING * * *
An orc comes into view. It is wielding a +0 short sword.
A magic dart appears from out of thin air!
The magic dart hits you.
* * * LOW HITPOINT WARNING * * *
An ice beast comes into view.
Unknown command.
You are too injured to fight recklessly!
You are too injured to fight recklessly!
A red film seems to cover your vision as you go berserk!
You feel yourself moving faster!
You feel mighty!
The ogre hits you with a +0 giant club!!
You die...

... .Y. o.. #.#
.#######.#
.........#
.........#
......O@.#
.####.##.#
####.##W#########.#.
....................
###..##.###.......#
#. ...# #.####..#
#...### #.# # #...
#.# #.. #†#######


You could see an ice beast, an ogre and a phantom.

Vanquished Creatures
  An ogre (D:4)
  A hound (D:5)
  2 orc priests (D:4)
  An iguana (D:3)
  2 orc wizards
  8 gnolls
  4 adders
  An ufetubus (D:4)
  A worm (D:5)
  22 orcs
  4 endoplasms
  3 giant cockroaches
  8 goblins
  4 hobgoblins
  3 jackals (D:1)
  A quokka (D:4)
  10 ball pythons
  A bat (D:3)
  3 frilled lizards
  5 kobolds
  7 rats
92 creatures vanquished.

Notes
Turn   | Place    | Note
-------+----------+-------------------------------------------
     0 | D:1      | thiscave3701365 the Minotaur Berserker began the quest for
                  | the Orb.
     0 | D:1      | Reached XP level 1. HP: 19/19 MP: 0/0
   441 | D:1      | Found a faded altar of an unknown god.
   458 | D:1      | Reached skill level 4 in Axes
   499 | D:1      | Reached XP level 2. HP: 27/27 MP: 1/1
  1076 | D:2      | Reached XP level 3. HP: 23/33 MP: 2/2
  1082 | D:2      | Reached ** piety under Trog
  1352 | D:2      | Reached XP level 4. HP: 41/41 MP: 3/3
  1492 | D:2      | Reached skill level 5 in Axes
  2379 | D:3      | Found a hide-covered altar of Uskayaw.
  2380 | D:3      | Found a burning altar of Makhleb.
  2796 | D:3      | Reached skill level 6 in Axes
  2796 | D:3      | Reached XP level 5. HP: 45/47 MP: 4/4
  3386 | D:4      | Noticed an ogre
  3392 | D:4      | Killed an ogre
  3393 | D:4      | Reached skill level 7 in Axes
  3479 | D:4      | Found a staircase to the Ecumenical Temple.
  3642 | D:4      | Reached XP level 6. HP: 53/53 MP: 5/5
  3924 | D:4      | Found an iron altar of Okawaru.
  4090 | D:4      | Found a snail-covered altar of Cheibriados.
  4263 | D:4      | Reached skill level 8 in Axes
  4542 | D:4      | Found an opulent altar of Gozag.
  4542 | D:4      | Found a sparkling altar of Nemelex Xobeh.
  4782 | D:5      | Entered Level 5 of the Dungeon
  4982 | D:5      | Noticed an ice beast
  4983 | D:5      | Mangled by an ogre

Illustrated notes

Levels and vault maps discovered:
D:1:      wander_arrival_lonely_grave, layout_basic,
          ebering_ecumenical_altar_rust
D:2:      layout_basic, minmay_misc_feat_tower, grunt_decor_mini_mirrors
D:3:      layout_basic, mainiacjoe_overflow_divided_tiny
D:4:      layout_loops_ring, grunt_temple_overflow_opulence,
          general_overflow_altar, mainiacjoe_overflow_24_doors, temple_doors_ab
D:5:      layout_basic, mainiacjoe_overflow_paths

Skill      XL: |  1  2  3  4  5  6 |
---------------+-------------------+-----
Axes           | 4 6 7 8 |  8.7
Fighting       | 4 |  4.3
Armour         | 3 |  3.5
Dodging        | |  2.3

Action                   |  1- 3 |  4- 6 || total
-------------------------+-------+-------++-------
Melee: Hand axe          |    45 |   134 ||   179
       Headbutt          |       |    24 ||    24
       Punch             |       |     2 ||     2
Invok: Berserk           |     2 |     8 ||    10
Armor: Animal skin       |     5 |       ||     5
       Scale mail        |     5 |     7 ||    12
       Chain mail        |       |    53 ||    53
Dodge: Dodged            |    32 |    44 ||    76

Table legend: (Time is in decaauts)
 A = Elapsed time spent in this place.
 B = Non-inter-level travel time spent in this place.
 C = Inter-level travel time spent in this place.
 D = Time resting spent in this place.
 E = Time spent auto-exploring this place.
 F = Levels seen in this place.
 G = Mean time per level.
                   A        B        C        D        E       F      G
               +--------+--------+--------+--------+--------+-----+--------+
         Total |   5065 |   4721 |    344 |   1057 |   3185 |   5 | 1013.0 |
       Dungeon |   5065 |   4721 |    344 |   1057 |   3185 |   5 | 1013.0 |
               +--------+--------+--------+--------+--------+-----+--------+

Top non-repeatable levels by time:
     D:4: 1441 daAuts
     D:3: 1434 daAuts
     D:2: 1044 daAuts
     D:1: 937 daAuts
     D:5: 208 daAuts
